 Dungeon Crawl Stone Soup version 0.29.0-13-gc9e81de378 (webtiles) character file.

Game seed: 17514812374180773346

366 SnakkuSnakku7 the Chucker (level 6, 0/62 HPs)
             Began as an Ogre Enchanter on Sept 7, 2022.
             Slain by an iguana (10 damage)
             ... on level 4 of the Dungeon.
             The game lasted 00:05:14 (3313 turns).

SnakkuSnakku7 the Chucker (Ogre Enchanter)          Turns: 3313, Time: 00:05:14

Health: 0/62       AC:  3    Str: 13    XL:     6   Next: 68%
Magic:  9/9        EV: 10    Int: 16    God:
Gold:   47         SH:  0    Dex: 17    Spells: 9/9 levels left

rFire   . . .      SeeInvis .   a - +1 club (spect)
rCold   . . .      Faith    .   (no shield)
rNeg    . . .      Spirit   .   b - +0 robe
rPois   .          Reflect  .   (helmet restricted)
rElec   .          Harm     .   (no cloak)
rCorr   .          Rampage  .   (gloves unavailable)
Will    +....                   (boots unavailable)
Stlth   ++........              (no amulet)
HPRegen 0.20/turn               f - +6 ring of dexterity
MPRegen 0.11/turn               q - ring of willpower

@: no status effects
A: large, unfitting armour, tough skin 1
a: no special abilities


You were on level 4 of the Dungeon.
You visited 2 branches of the dungeon, and saw 5 of its levels.

You collected 191 gold pieces.
You spent 144 gold pieces at shops.

Inventory:

Hand Weapons
 a - a +1 spectral club (weapon)
 p - a +1 dagger
 v - a +0 vorpal mace
Missiles
 n - a poisoned dart (quivered)
Armour
 b - a +0 robe (worn)
Jewellery
 f - a +6 ring of dexterity (left hand)
 q - a ring of willpower (right hand)
 t - a ring of magical power
Wands
 w - a wand of mindburst (4)
Scrolls
 i - 2 scrolls of fear {unknown}
 j - 4 scrolls of identify {unknown}
 k - a scroll of vulnerability {unknown}
 m - a scroll of amnesia {unknown}
 o - 2 scrolls of teleportation {unknown}
 r - a scroll of summoning {unknown}
 u - 2 scrolls of enchant weapon {unknown}
 x - a scroll of noise {unknown}
Potions
 c - 2 potions of invisibility
 d - 4 potions of heal wounds {unknown}
 e - 3 potions of berserk rage {unknown}
 g - 2 potions of brilliance {unknown}
 h - 2 potions of degeneration {unknown}
 l - a potion of haste {unknown}
 s - a potion of flight {unknown}
 z - 2 potions of curing {unknown}


   Skills:
 - Level 4.1 Fighting
 - Level 0.8 Short Blades
 + Level 1.8 Maces & Flails
 - Level 5.0 Throwing
 - Level 1.7 Dodging
 - Level 2.1 Stealth
 - Level 2.4 Spellcasting
 - Level 2.6 Hexes


You had 9 spell levels left.
You didn't know any spells.
Your spell library contained the following spells:

 Spells                   Type           Power      Damage    Failure   Level
 Ensorcelled Hibernation  Hex/Ice        12%        N/A       17%         2
 Confusing Touch          Hex            10%        N/A       21%         3
 Tukima's Dance           Hex            10%        N/A       21%         3
 Dazzling Flash           Conj/Hex       12%        N/A       34%         3


Dungeon Overview and Level Annotations

Branches:
Dungeon (4/15)             Temple (1/1) D:4

Altars:
Ashenzari
Cheibriados
Elyvilon
Fedhas
Gozag
Hepliaklqana
Kikubaaqudgha
Makhleb
Nemelex Xobeh
Okawaru
Ru
Sif Muna
Trog
Uskayaw
Vehumet

Shops:
D:1 =   D:4 *


Innate Abilities, Weirdness & Mutations

You are too large for most types of armour.
You have tough skin. (AC +1)


Message History

You throw a poisoned dart.
The poisoned dart barely misses the iguana.
The iguana misses you.
Throw: 3 darts (poison)
Press: ? - help, Q - select action, (/) - cycle Shift-Dir - straight line, f/p - iguana
Aim: an iguana (moderately wounded, 68% to hit)
You throw a poisoned dart. The poisoned dart hits the iguana.
The iguana is poisoned.
The iguana is moderately wounded.
Throw: 2 darts (poison)
Press: ? - help, Q - select action, (/) - cycle Shift-Dir - straight line, f/p - iguana
Aim: an iguana (moderately wounded, poisoned, 68% to hit)
You throw a poisoned dart.
The poisoned dart closely misses the iguana.
The iguana bites you!
* * * LOW HITPOINT WARNING * * *
You completely miss the iguana.
The iguana is moderately wounded.
Your +1 spectral club closely misses the iguana.
The iguana barely misses you.
You closely miss the iguana.
The iguana is moderately wounded.
Your +1 spectral club hits the iguana.
The iguana bites you but does no damage.
You closely miss the iguana.
The iguana is moderately wounded.
Your +1 spectral club hits the iguana but does no damage.
The iguana bites you but does no damage.
The iguana barely misses you.
You hit the iguana but do no damage.
The iguana is moderately wounded.
Your +1 spectral club hits the iguana.
The iguana completely misses you.
You hit the iguana but do no damage.
The iguana is heavily wounded.
Your +1 spectral club hits the iguana.
The iguana barely misses you.
You hit the iguana but do no damage.
The iguana is severely wounded.
Your +1 spectral club hits the iguana but does no damage.
The iguana bites you!
You die...

#############
#.#.#.(.#.#.########
##.#(.#..#.##.......
#.#.l###l.#.#.######
##.@##.##..##.# #..
#..##J..##..#.####..
#...S.l..##.....#>..
#..## ##..#...#...
##..## ##..##...#...
#.#..###..#.#<......
##.#..#..#.##.#.....
#)#.#...#.#.#.#.....
#############.#.....


You could see an iguana (poisoned) and a friendly +1 spectral club (summoned).

Vanquished Creatures
  2 hounds (D:4)
  An orc priest (D:4)
  Jessica (D:2)
  3 iguanas (D:4)
  An orc wizard (D:4)
  4 adders
  A worm (D:3)
  3 dart slugs
  12 orcs
  7 endoplasms
  3 giant cockroaches
  6 goblins
  5 hobgoblins
  8 jackals (D:4)
  4 quokkas
  7 ball pythons
  7 bats
  12 kobolds
  6 rats
93 creatures vanquished.

Notes
Turn   | Place    | Note
-------+----------+-------------------------------------------
     0 | D:1      | SnakkuSnakku7 the Ogre Enchanter began the quest for the
                  | Orb.
     0 | D:1      | Reached XP level 1. HP: 16/16 MP: 3/3
     4 | D:1      | Found Qalawyid's Jewellery Shoppe.
    90 | D:1      | Reached skill level 1 in Fighting
   198 | D:1      | Reached XP level 2. HP: 27/28 MP: 5/5
   602 | D:1      | Found a faded altar of an unknown god.
   952 | D:2      | Reached XP level 3. HP: 33/37 MP: 6/6
  1343 | D:2      | Noticed Jessica
  1357 | D:2      | Killed Jessica
  1358 | D:2      | Reached skill level 1 in Throwing
  1358 | D:2      | Reached XP level 4. HP: 5/48 MP: 7/7
  1494 | D:2      | Reached skill level 2 in Throwing
  1778 | D:2      | Found a sacrificial altar of Ru.
  2184 | D:3      | Reached XP level 5. HP: 52/54 MP: 8/8
  2429 | D:3      | Reached skill level 3 in Throwing
  2649 | D:4      | Found a staircase to the Ecumenical Temple.
  2662 | Temple   | Entered the Ecumenical Temple
  2772 | D:4      | Found a blossoming altar of Fedhas.
  2782 | D:4      | Found a shimmering blue altar of Sif Muna.
  2793 | D:4      | Reached skill level 4 in Throwing
  2821 | D:4      | Reached XP level 6. HP: 11/62 MP: 9/9
  2946 | D:4      | Found Pubuthro's Assorted Antiques.
  3089 | D:4      | Bought a runed wooden wand for 96 gold pieces
  3089 | D:4      | Bought a scroll labelled HODUONTEQI for 24 gold pieces
  3089 | D:4      | Bought a scroll labelled NOTZYUROOC for 24 gold pieces
  3115 | D:4      | Reached skill level 5 in Throwing
  3189 | D:4      | Found a burning altar of Makhleb.
  3200 | D:4      | Reached skill level 1 in Maces & Flails
  3313 | D:4      | Slain by an iguana

Illustrated notes

Levels and vault maps discovered:
D:1:      minmay_arrival_four_houses, layout_basic, serial_shops, shop,
          dreamdust_ecumenical_altar_grove
D:2:      layout_rooms, basic_altar, uniq_jessica
D:3:      layout_basic, chequers_avenue
D:4:      minmay_diamond_boxcup, layout_basic, makhleb_heckhound_becter,
          grunt_temple_overflow_open, minmay_temple_entry_drinking_statues,
          serial_shops, nicolae_shop_window_shopping, minmay_unequal
Temple:   nicolae_temple_hex_pool

Skill      XL: |  1  2  3  4  5  6 |
---------------+-------------------+-----
Fighting       | 2 3 4 |  4.1
Throwing       | 1 2 4 5 |  5.0
Maces & Flails | 1 |  1.8
Short Blades   | |  0.8
Dodging        | |  1.7
Stealth        | |  2.1
Spellcasting   | |  2.4
Hexes          | |  2.6

Action                   |  1- 3 |  4- 6 || total
-------------------------+-------+-------++-------
Melee: Dagger            |   155 |       ||   155
       Punch             |     1 |       ||     1
       Club              |       |   121 ||   121
Throw: Dart              |     2 |    17 ||    19
 Stab: Sleeping          |     6 |     2 ||     8
       Distracted        |       |     1 ||     1
Armor: Robe              |    52 |    56 ||   108
Dodge: Dodged            |    69 |    72 ||   141
